 Dungeon Sprint DCSS version 0.22-a0-570-g58866f5 (webtiles) character file.

271 twistedcrescendo the Spear-Bearer (level 6, -7/64 HPs)
             Began as a Minotaur Berserker on June 30, 2018.
             Was a Believer of Trog.
             Mangled by a slime creature (15 damage)
             ... in the Dungeon (Sprint I: "Red Sonja").
             The game lasted 00:04:06 (258 turns).

twistedcrescendo the Spear-Bearer (MiBe)             Turns: 258, Time: 00:04:06

Health: -7/64      AC:  7    Str: 21    XL:     6   Next: 2%
Magic:  5/5        EV: 12    Int:  4    God:    Trog [**....]
Gold:   162        SH:  0    Dex: 12    Spells: 5/5 levels left

rFire    . . .     SeeInvis .   a - +0 spear
rCold    . . .     Gourm    .   (no shield)
rNeg     . . .     Faith    .   k - +0 scale mail
rPois    .         Spirit   .   (helmet restricted)
rElec    .         Reflect  .   (no cloak)
rCorr    .         Harm     .   (no gloves)
MR       .....     NoTele   +   (no boots)
Stlth    ..........             (no amulet)
HPRegen  0.20/turn              (no ring)
MPRegen  0.09/turn              (no ring)

@: no status effects
A: retaliatory headbutt, horns 2
a: Berserk, Trog's Hand, Renounce Religion


You were in the Dungeon.
You worshipped Trog.
Trog was pleased with you.
You were not hungry.

You visited 1 branch You collected 162 gold pieces.

Inventory:

Hand Weapons
 a - a +0 spear (weapon)
 m - a +0 scythe
Armour
 b - a +0 animal skin
 k - a +0 scale mail (worn)
Wands
 j - a wand of polymorph (6)
Scrolls
 i - a scroll of blinking
Potions
 d - a potion of curing
 e - a potion of heal wounds
 f - a potion of haste
 g - 2 potions of magic
 h - a potion of berserk rage
 l - a potion of degeneration {unknown}
Comestibles
 c - a ration


   Skills:
 + Level 9.4 Fighting
 + Level 10.4 Polearms
 + Level 5.5 Armour
 + Level 5.1 Dodging


You had 5 spell levels left.
You didn't know any spells.
Your spell library was empty.

Dungeon Overview and Level Annotations

Branches:
Dungeon (1/1)

Altars:
Makhleb
Xom
Jiyva
Lugonu


Innate Abilities, Weirdness & Mutations

You reflexively headbutt those who attack you in melee.
You have a pair of horns on your head.


Message History

* * * LOW HITPOINT WARNING * * *
You hit the slime creature but do no damage.
The slime creature is heavily wounded.
The slime creature closely misses you.
You hit the slime creature.
The slime creature is heavily wounded.
You hit the slime creature.
The slime creature is heavily wounded.
The slime creature hits you!
* * * LOW HITPOINT WARNING * * *
There is an open door here.
You see here an embroidered robe.
There is an open door here.
There is an open door here.
You see here a giant spiked club.
The slime creature jiggles.
You recover from your berserk rage.
There is an open door here.
The slime creature hits you!
You die...

################ ##
#<.#..)..#..'..#__#
#.@J..#..'[.#..'^.+
#..#####'#####+#__#
#..# #..# ## #..#
#### #..# #⌠⌠# ####


You could see a slime creature.

Vanquished Creatures
  Sigmund (D)
  An ogre (D)
  Ijyb (D)
3 creatures vanquished.

Notes
Turn   | Place    | Note
-------+----------+-------------------------------------------
     0 | D        | twistedcrescendo the Minotaur Berserker began the quest for the Orb.
     0 | D        | Reached XP level 1. HP: 19/19 MP: 0/0
     1 | D        | Noticed Ijyb
    28 | D        | Killed Ijyb
    28 | D        | Reached skill level 5 in Fighting
    28 | D        | Reached skill level 5 in Polearms
    28 | D        | Reached XP level 2. HP: 29/29 MP: 1/1
    63 | D        | Noticed an ogre
    67 | D        | Killed an ogre
    67 | D        | Reached skill level 8 in Polearms
    67 | D        | Reached XP level 3. HP: 22/39 MP: 2/2
    67 | D        | Reached XP level 4. HP: 27/47 MP: 3/3
   200 | D        | Noticed Sigmund
   209 | D        | Killed Sigmund
   209 | D        | Reached ** piety under Trog
   209 | D        | Reached skill level 10 in Polearms
   209 | D        | Reached skill level 5 in Armour
   209 | D        | Reached skill level 5 in Dodging
   209 | D        | Reached XP level 5. HP: 57/57 MP: 4/4
   209 | D        | Reached XP level 6. HP: 64/64 MP: 5/5
   233 | D        | Found a burning altar of Makhleb.
   233 | D        | Found a viscous altar of Jiyva.
   233 | D        | Found a shimmering altar of Xom.
   233 | D        | Found a corrupted altar of Lugonu.
   233 | D        | Noticed a slime creature
   258 | D        | Mangled by a slime creature

Vault maps used:
D:        dungeon_sprint_1

Skill      XL: |  1  2  3  4 |
---------------+-------------+-----
Fighting       | 5 7 9 |  9.4
Polearms       | 5 8 10 | 10.4
Armour         | 3 4 5 |  5.5
Dodging        | 3 4 5 |  5.1

Action                   |  1- 3 |  4- 6 || total
-------------------------+-------+-------++-------
Melee: Spear             |    29 |    20 ||    49
       Headbutt          |     1 |     3 ||     4
Invok: Berserk           |     1 |     1 ||     2
Armor: Skin              |    11 |       ||    11
Dodge: Dodged            |     1 |     5 ||     6

Table legend:
 A = Spawn XP
 B = Non-spawn XP
 C = Spawn XP percentage of total XP
 D = Spawn monster count
 E = Non-spawn monster count
 F = Spawn count percentage of total count
 G = Total turns spent on level
                    A         B        C        D         E        F      G
               +---------+---------+-------+---------+---------+-------+---------
         Total |       0 |     388 |   0.0 |       0 |       3 |   0.0 |   258
               +---------+---------+-------+---------+---------+-------+---------
             D |       0 |     388 |   0.0 |       0 |       3 |   0.0 |   258
               +---------+---------+-------+---------+---------+-------+---------
